Map: Cyber Forest LE

Players

ShoWTimE - Winner!

  • Race: Protoss Protoss
  • Spawn Location: 5:00

SortOf

  • Race: Zerg Zerg
  • Spawn Location: 11:00

Event: 2019 WCS Spring

VOD

Have the link to the VOD?

Description

Time

  • Played on: May 17, 2019, 1:27 p.m.
  • Length: 7:53

All games in this series

Show
View Real Time Build Order
Export as new Build Order

ShoWTimE Protoss - Winner!

Build Orders: 1 Gate Expand 

Get SALT Encoding   

  12  0:00  Probe  
  13  0:13  Probe  
  13  0:16  Pylon  
  14  0:21  Probe  
  15  0:32  Probe  
  16  0:39  Gateway  
  16  0:44  Probe  
  16  0:49  Assimilator  
  17  0:56  Probe  
  18  1:08  Probe  
  19  1:20  Probe  
  20  1:27  Nexus  
  20  1:38  Cybernetics Core  
  20  1:41  Probe  
  20  1:46  Assimilator  
  21  1:53  Probe  
  22  1:57  Pylon  
  22  2:05  Probe, Adept  
  25  2:17  Probe  
  25  2:19  Stargate  
  26  2:25  Warp Gate, Adept  
  26  2:29  Probe  
  27  2:35  Probe  
  29  2:41  Probe  
  29  2:43  Probe  
  32  2:53  Probe  
  32  2:54  Probe  
  38  3:05  Probe  
  38  3:06  Probe  
  36  3:14  Adept  
  36  3:19  Pylon  
  38  3:22  Gateway  
  38  3:29  Assimilator  
  38  3:32  Assimilator  
  38  3:34  Probe  
  38  3:37  Probe  
  38  3:40  Shield Battery  
  40  3:42  Probe  
  41  3:49  Probe  
  41  3:51  Probe  
  41  3:52  Twilight Council  
  43  4:01  Probe  
  42  4:03  Probe, Gateway  
  42  4:06  Pylon  
  42  4:09  Resonating Glaives  
  41  4:11  Probe  
  41  4:13  Probe  
  41  4:14  Stalker  
  41  4:17  Robotics Facility  
  45  4:19  Probe  
  45  4:23  Pylon  
  46  4:25  Probe  
  46  4:28  Adept  
  46  4:29  Probe  
  49  4:37  Probe  
  51  4:39  Gateway  
  51  4:41  Adept  
  51  4:42  Gateway  
  53  4:49  Adept  
  53  4:50  Pylon  
  55  4:59  Immortal, Adept  
  57  5:03  Pylon  
  61  5:09  Adept  
  61  5:10  Adept  
  65  5:19  Pylon  
  65  5:30  Gateway  
  65  5:31  Gateway  
  65  5:32  Adept x3  
  71  5:40  Immortal  
  71  5:41  Adept  
  71  5:42  Adept  
  79  5:54  Sentry x2  
  83  6:00  Pylon  
  83  6:03  Gateway  
  83  6:04  Pylon  
  83  6:06  Sentry  
  85  6:13  Pylon  
  85  6:17  Sentry  
  85  6:18  Warp Prism  
  89  6:27  Sentry  
  89  6:28  Sentry x3  
  79  6:51  Observer  
  79  6:55  Adept x7  
  94  7:01  Adept  
  96  7:09  Pylon  
  96  7:16  Adept x6  
  96  7:17  Adept  
  96  7:20  Pylon  
  94  7:44  Adept x5  
  94  7:45  Adept x3  
Show
View Real Time Build Order
Export as new Build Order

SortOf Zerg 

Build Orders: Hatch First 

Get SALT Encoding   

  12  0:00  Drone  
  13  0:12  Overlord  
  13  0:16  Drone  
  14  0:31  Drone x2  
  16  0:48  Drone x2  
  18  0:55  Hatchery  
  17  0:58  Drone  
  17  1:02  Extractor  
  17  1:14  Spawning Pool  
  17  1:17  Drone  
  17  1:21  Drone  
  18  1:31  Drone  
  19  1:45  Drone  
  20  1:50  Overlord  
  20  2:01  Queen  
  20  2:06  Metabolic Boost  
  20  2:07  Queen  
  24  2:08  Zergling x4  
  26  2:16  Drone  
  26  2:20  Drone  
  28  2:25  Drone  
  29  2:38  Hatchery  
  29  2:40  Zergling x4  
  30  2:48  Queen  
  30  2:50  Drone  
  33  2:56  Drone x2  
  34  3:00  Overlord  
  34  3:04  Drone  
  35  3:12  Zergling x2  
  35  3:13  Overlord  
  35  3:17  Spore Crawler  
  35  3:20  Zergling x2  
  35  3:24  Zergling x2  
  36  3:27  Drone x2  
  36  3:28  Drone  
  36  3:33  Drone  
  40  3:36  Queen  
  39  3:55  Drone x7  
  44  3:56  Drone  
  44  3:58  Drone  
  46  4:03  Drone  
  46  4:04  Drone  
  46  4:09  Drone  
  48  4:15  Extractor, Drone x2  
  49  4:18  Lair  
  49  4:22  Drone x2  
  49  4:23  Drone  
  52  4:28  Overlord  
  52  4:33  Overlord  
  52  4:38  Overlord  
  52  4:39  Roach Warren  
  52  4:40  Overlord  
  51  4:48  Drone x6  
  57  4:53  Drone x3  
  57  4:56  Drone x2  
  57  4:57  Extractor  
  61  5:01  Zergling x4  
  61  5:04  Drone x2  
  61  5:05  Drone  
  61  5:06  Drone  
  67  5:08  Drone x2  
  67  5:10  Zergling x2  
  67  5:14  Extractor x2, Drone  
  69  5:15  Drone  
  69  5:16  Evolution Chamber, Drone  
  70  5:23  Overlord  
  70  5:25  Roach x3  
  70  5:28  Roach  
  77  5:29  Roach  
  78  5:37  Roach x2  
  78  5:39  Zergling x4  
  78  5:40  Overlord  
  81  5:48  Glial Reconstitution  
  81  5:50  Drone x4  
  85  5:58  Roach x3  
  85  6:02  Overseer  
  91  6:06  Roach x3  
  97  6:14  Overlord  
  97  6:16  Overlord  
  94  6:28  Queen  
  94  6:31  Roach x2  
  98  6:38  Drone x8  
  97  6:41  Drone  
  97  6:45  Drone x2  
  98  6:56  Overlord  
  98  6:58  Roach x4  
  98  7:00  Overlord  
  105  7:04  Ravager x6  
  111  7:08  Roach  
  111  7:10  Overlord  
  111  7:14  Overlord  
  113  7:17  Zergling x4  
  115  7:29  Roach x8  
  128  7:32  Roach  
  128  7:33  Roach  
Tags
 
Add a new tag
Caveats
  • Supply blocks, unpowered buildings, or Contaminate may cause inaccurate times.
  • Supply counts are checked every 10 seconds.